 Dungeon Crawl Stone Soup version 0.31-a0-1009-g454b1f1e0a (webtiles) character file.

Game seed: 2913626149520197447

4671 Gladio the Basher (level 10, -8/84 HPs)
             Began as a Formicid Fighter on Nov 14, 2023.
             Mangled by a two-headed ogre
             ... wielding a +0 giant club
              (22 damage)
             ... on level 7 of the Dungeon.
             The game lasted 00:14:39 (7585 turns).

Gladio the Basher (Formicid Fighter)                Turns: 7585, Time: 00:14:40

Health: -8/84      AC: 16    Str: 25    XL:     10   Next: 71%
Magic:  10/10      EV:  6    Int:  8    God:
Gold:   401        SH:  9    Dex: 13    Spells: 9/9 levels left

rFire   + . .        G - +3 battleaxe
rCold   . . .        x - +0 kite shield
rNeg    . . .        F - +2 plate armour {Will+}
rPois   +            (helmet unavailable)
rElec   .            z - +1 cloak
rCorr   .            (no gloves)
SInv    +            (no boots)
Will    ++...        (no amulet) Stlth
                     t - ring of protection from fire
HPRegen 0.34/turn    y - ring of poison resistance
MPRegen 0.12/turn

%: no passive effects
@: no status effects
A: permanent stasis, dig shafts and tunnels, antennae 3, four strong arms
a: Dig, Shaft Self


You were on level 7 of the Dungeon.
You visited 2 branches of the dungeon, and saw 9 of its levels.
You also visited: Sewer.

You collected 401 gold pieces.

Inventory:

Hand Weapons
 a - a +0 flail
 f - a +0 battleaxe
 j - a +1 heavy flail
 G - a +3 battleaxe (weapon)
Missiles
 n - 6 boomerangs
Armour
 b - a +0 scale mail
 c - a +0 buckler
 d - a +0 plate armour
 e - a +0 chain mail
 p - a +0 cloak
 x - a +0 kite shield (worn)
 z - a +1 cloak (worn)
 F - a +2 plate armour of willpower (worn)
Jewellery
 t - a ring of protection from fire (left hand)
 y - a ring of poison resistance (right hand)
 A - a ring of magical power
Wands
 l - a wand of iceblast (12)
 m - a wand of paralysis (4)
Scrolls
 g - 3 scrolls of teleportation
 h - 3 scrolls of blinking
 q - a scroll of butterflies
 r - a scroll of amnesia
 s - 2 scrolls of noise
 u - a scroll of enchant armour
 w - 3 scrolls of vulnerability {unknown}
 B - a scroll of immolation {unknown}
 D - 3 scrolls of identify
Potions
 i - a potion of curing
 k - 2 potions of mutation
 o - 2 potions of degeneration
 v - 2 potions of cancellation
 C - 2 potions of heal wounds {unknown}
 E - a potion of enlightenment {unknown}


   Skills:
 + Level 9.7 Fighting
 * Level 0.0(7.4) Axes
 - Level 11.8 Maces & Flails
 + Level 4.7 Armour
 + Level 5.7 Shields


You had 9 spell levels left.
You didn't know any spells.
Your spell library contained the following spells:

 Spells                   Type           Power      Damage    Failure   Level
 Apportation              Tloc           0%         N/A       100%        1
 Foxfire                  Conj/Fire      0%         2x1d4     100%        1
 Jinxbite                 Hex            0%         N/A       100%        2
 Inner Flame              Hex/Fire       0%         N/A       100%        3
 Alistair's Intoxication  Tmut/Pois      0%         N/A       100%        5
 Yara's Violent Unravell  Hex/Tmut       0%         3d3       100%        5
 Plasma Beam              Fire/Air       0%         2x1d10    100%        6
 Starburst                Conj/Fire      0%         6d3       100%        6
 Enfeeble                 Hex            0%         N/A       100%        7


Dungeon Overview and Level Annotations

Branches:
Dungeon (8/15)             Temple (1/1) D:5           Sewer (visited)
   Lair: D:8-11

Altars:
Ashenzari
Cheibriados
Dithmenos
Elyvilon
Fedhas
Gozag
Hepliaklqana
Kikubaaqudgha
Makhleb
Nemelex Xobeh
Qazlal
Ru
Sif Muna
Trog
Uskayaw
Vehumet
Wu Jian
Xom
Yredelemnul
Zin
The Shining One


Innate Abilities, Weirdness & Mutations

You cannot be hasted, slowed, berserked, paralysed or teleported.
You can dig through walls and to a lower floor.
You have a pair of large antennae on your head. (SInv)
Your four strong arms can wield two-handed weapons with a shield.


Message History

There is a stone staircase leading up, spattered with blood here.
Items here: )) [ ÷.
You can't go down here!
You climb upwards.
The orc hits you but does no damage.
The ogre hits you with a +0 giant spiked club.
You block the orc's attack.
The two-headed ogre hits you with a +0 giant club!
The two-headed ogre closely misses you.
There is a stone staircase leading down, spattered with blood here.
You slash the two-headed ogre!
The two-headed ogre is moderately wounded.
You hit the ogre. You hit the orc. The ogre closely misses you.
The orc barely misses you.
The two-headed ogre hits you with a +0 giant club!
The two-headed ogre hits you with a +0 giant club.
Unknown command.
You can't go up here!
Unknown command.
You slash the two-headed ogre!
The two-headed ogre is heavily wounded.
You closely miss the orc. You slash the ogre! You block the orc's attack.
You block the ogre's attack.
The gnoll sergeant hits you from afar with a +0 spear!
The orc hits you but does no damage. You block the bullfrog's attack.
The two-headed ogre hits you with a +0 giant club! x2
* * * LOW HITPOINT WARNING * * *
The gnoll sergeant hits you but does no damage.
You slash the two-headed ogre!
The two-headed ogre is heavily wounded.
You barely miss the orc. You closely miss the bullfrog. You hit the ogre.
You block the bullfrog's attack.
The ogre hits you with a +0 giant spiked club!
* * * LOW HITPOINT WARNING * * *
You block the orc's attack.
The gnoll sergeant hits you from afar with a +0 spear.
* * * LOW HITPOINT WARNING * * *
The bullfrog hits you but does no damage.
You block the two-headed ogre's attack.
The two-headed ogre hits you with a +0 giant club!!
You die...

....## ##..........#
.....######...........##
.##...##..#............#
###....................##
###...###.#.............##
.......####....#.........#
.......# #....#.........#
#....... #..###oO....####
....###......##O@......#
...####....###.#F......#
.....#.........#.og....#
.....#.....###....z..#.## .
.....#.....###..#.......# ..
............#...#...#..## ...
...)........O.....###..# ....
.....†..........#.##...#{.o≈..
..)[........##..#.#...)#{..≈F.


You could see a two-headed ogre, an ogre, a gnoll sergeant, a bullfrog, a wight
and 2 orcs.

Vanquished Creatures
  Pikel (D:5)
  A steam dragon (D:8)
  2 wargs (D:7)
  Edmund (D:4)
  A water moccasin (D:6)
  Duvessa (D:7)
  4 orc warriors
  Pargi (Sewer)
  An ice beast (D:7)
  2 sky beasts (D:7)
  2 ogres
  2 kobold brigands
  6 bullfrogs
  3 gnoll sergeants
  2 scorpions
  4 wights
  Dowan (D:7)
  6 howler monkeys
  6 orc priests
  12 hounds
  A jelly (D:4)
  2 gnoll boudas
  5 iguanas
  7 orc wizards
  Ijyb (D:5)
  18 gnolls
  6 adders
  A shadow imp (D:5)
  A white imp (D:5)
  A worm (D:6)
  28 orcs
  6 endoplasms
  A giant cockroach (D:1)
  12 goblins
  8 hobgoblins
  4 jackals
  6 kobolds
  2 quokkas (D:2)
  6 ball pythons
  10 bats
  4 frilled lizards
  4 rats
193 creatures vanquished.

Notes
Turn   | Place    | Note
-------+----------+-------------------------------------------
     0 | D:1      | Gladio the Formicid Fighter began the quest for the Orb.
     0 | D:1      | Reached XP level 1. HP: 18/18 MP: 1/1
   182 | D:1      | Reached XP level 2. HP: 24/24 MP: 2/2
   636 | D:1      | Reached XP level 3. HP: 30/30 MP: 3/3
   770 | D:2      | Reached skill level 3 in Maces & Flails
  1642 | D:3      | Reached XP level 4. HP: 21/37 MP: 4/4
  1921 | D:3      | Reached skill level 4 in Maces & Flails
  2000 | D:3      | Reached XP level 5. HP: 42/42 MP: 5/5
  2885 | D:4      | Found a white marble altar of Elyvilon.
  3018 | D:4      | Reached XP level 6. HP: 35/49 MP: 6/6
  3133 | D:4      | Reached skill level 5 in Maces & Flails
  3149 | D:4      | Reached skill level 5 in Fighting
  3386 | D:4      | Reached XP level 7. HP: 11/56 MP: 7/7
  3557 | D:4      | Found a hazy altar of Hepliaklqana.
  3627 | D:4      | Reached skill level 6 in Maces & Flails
  4046 | D:4      | Noticed Edmund
  4055 | D:4      | Killed Edmund
  4077 | D:5      | Entered Level 5 of the Dungeon
  4167 | D:5      | Found a staircase to the Ecumenical Temple.
  4176 | Temple   | Entered the Ecumenical Temple
  4194 | D:5      | Noticed Ijyb
  4200 | D:5      | Killed Ijyb
  4201 | D:5      | Reached skill level 7 in Maces & Flails
  4201 | D:5      | Reached XP level 8. HP: 62/64 MP: 8/8
  4339 | D:5      | Noticed Pikel
  4366 | D:5      | Killed Pikel
  4367 | D:5      | Reached skill level 8 in Maces & Flails
  4555 | D:5      | Reached XP level 9. HP: 72/72 MP: 9/9
  4628 | D:5      | Found a bloodstained altar of Trog.
  4628 | D:5      | Found an ancient bone altar of Kikubaaqudgha.
  4702 | D:5      | Reached skill level 9 in Maces & Flails
  5323 | D:6      | Found a glowing drain.
  5375 | Sewer    | Entered a sewer
  5438 | Sewer    | Noticed Pargi
  5445 | Sewer    | Killed Pargi
  5851 | D:6      | Reached skill level 10 in Maces & Flails
  6043 | D:7      | Noticed Duvessa
  6060 | D:7      | Noticed Dowan
  6302 | D:7      | Reached XP level 10. HP: 60/83 MP: 10/10
  6306 | D:7      | Killed Duvessa
  6386 | D:7      | Killed Dowan
  6387 | D:7      | Reached skill level 11 in Maces & Flails
  6758 | D:7      | Reached skill level 5 in Shields
  7213 | D:7      | Noticed a two-headed ogre
  7585 | D:7      | Mangled by a two-headed ogre

Illustrated notes

Levels and vault maps discovered:
D:1:      lemuel_arrival_funnel, layout_loops_ring
D:2:      layout_basic
D:3:      layout_basic
D:4:      layout_loops_cross, mainiacjoe_overflow_alcove_1,
          mainiacjoe_overflow_alcove_2, uniq_edmund
D:5:      layout_loops_cross, mainiacjoe_overflow_large_starburst,
          minmay_temple_entry_arrows, nicolae_ossuary_entry_false_entrances,
          uniq_pikel, uniq_ijyb
D:6:      nicolae_cairo_tiling_very_big, layout_rooms,
          cheibrodos_sewer_entry_bend
D:7:      lemuel_castle_with_subvaults [lemuel_castle_interior_carwin_3],
          layout_cave_pools, grunt_potential, uniq_duvessa
D:8:      layout_loops_corners, okawaru_metal_pillars_1_2,
          gammafunk_ghost_cemetery, st_stairs_13
Temple:   bh_familiar_temple

Skill      XL: |  1  2  3  4  5  6  7  8  9 10 |
---------------+-------------------------------+-----
Maces & Flails | 3 4 5 7 8 10 11 | 11.8
Fighting       | 4 5 6 7 9 |  9.7
Armour         | 4 |  4.7
Shields        | 5 |  5.7

Action                     |  1- 3 |  4- 6 |  7- 9 | 10-12 || total
---------------------------+-------+-------+-------+-------++-------
  Melee: Flail             |   110 |   174 |   225 |   138 ||   647
         Battleaxe         |       |       |    16 |     3 ||    19
  Evoke: Wand              |       |       |     4 |       ||     4
    Use: Scroll            |     1 |     3 |     6 |       ||    10
         Potion            |       |     1 |     5 |     1 ||     7
   Stab: Paralysed         |       |       |     8 |       ||     8
         Invisible         |       |       |     5 |       ||     5
 Armour: Chain mail        |    90 |   141 |     4 |       ||   235
         Scale mail        |     1 |       |       |       ||     1
         Plate armour      |       |       |   257 |   204 ||   461
         Skin              |       |       |    17 |       ||    17
  Dodge: Dodged            |    36 |    64 |    74 |    58 ||   232
  Block: Buckler           |    25 |    48 |    49 |       ||   122
         Kite shield       |       |       |    56 |   118 ||   174

Table legend: (Time is in decaauts)
 A = Elapsed time spent in this place.
 B = Non-inter-level travel time spent in this place.
 C = Inter-level travel time spent in this place.
 D = Time resting spent in this place.
 E = Time spent auto-exploring this place.
 F = Levels seen in this place.
 G = Mean time per level.
                   A        B        C        D        E       F      G
               +--------+--------+--------+--------+--------+-----+--------+
         Total |   7825 |   7385 |    440 |      0 |   5572 |  10 |  782.5 |
       Dungeon |   7681 |   7255 |    426 |      0 |   5512 |   8 |  960.1 |
        Temple |     15 |      1 |     14 |      0 |      0 |   1 |   15.0 |
         Sewer |    128 |    128 |      0 |      0 |     59 |   1 |  128.0 |
               +--------+--------+--------+--------+--------+-----+--------+

Top non-repeatable levels by time:
     D:4: 1646 daAuts
     D:6: 1202 daAuts
     D:3: 1106 daAuts
     D:5: 921 daAuts
     D:7: 862 daAuts
     D:2: 828 daAuts
     D:1: 747 daAuts
     D:8: 366 daAuts
   Sewer: 128 daAuts
  Temple: 15 daAuts
